AoeStats
← die trying

Arabia

503441754Analyzed
1v1 RM · 1mo ago on Aug 31, 2026· 55m 23s· 2 players
Game mode
Random Map
Map size
Tiny (2 player)
Population
200
Speed
Normal
Resources
Standard
Victory
Conquest
Starting age
Dark Age
Ending age
Imperial Age
RankedLock teamsTeams togetherTeam positionsShared explorationLock speedFull tech treeHidden civsTurbo modeCheats
Victory
Defeat
🇵🇪 Koreans · Peru
1929
+14
🇨🇱 Mongols · Chile
1896
-14
die trying
2:05 Loom
7:59 Feudal Age
8:29 Town Watch
8:04 Man-at-Arms
13:16 Double-Bit Axe
17:54 Fletching
24:38 Castle Age
22:59 Gold Mining
22:52 Horse Collar
23:47 Bloodlines
23:52 Gold Mining
24:34 Scale Barding Armor
24:43 Light Cavalry
30:18 Bodkin Arrow
30:51 Heavy Plow
32:23 Ballistics
32:59 Bow Saw
33:28 Wheelbarrow
32:49 Stone Mining
33:22 Husbandry
33:44 Chain Barding Armor
34:04 Padded Archer Armor
38:57 Imperial Age
37:23 Gold Shaft Mining
37:32 Leather Archer Armor
38:18 Elite Skirmisher
39:43 Bracer
40:45 Chemistry
40:13 Conscription
40:30 Parthian Tactics
40:35 Thumb Ring
41:35 Forging
42:19 Conscription
41:52 Hussar
43:09 Iron Casting
43:50 Heavy Cavalry Archer
47:58 Masonry
49:22 Hoardings
51:25 Elite Mangudai
MrTempo
6:50 Loom
9:23 Feudal Age
10:02 Double-Bit Axe
13:45 Fletching
18:31 Wheelbarrow
23:24 Castle Age
23:28 Horse Collar
24:03 Bodkin Arrow
23:30 Elite Skirmisher
24:36 Bow Saw
24:27 Heavy Plow
24:01 Pikeman
24:46 Town Watch
31:23 Ballistics
37:50 Imperial Age
35:36 Gold Mining
37:45 Husbandry
38:39 Bracer
39:40 Two-Man Saw
39:51 Gold Shaft Mining
39:34 Hand Cart
40:53 Chemistry
41:39 Conscription
41:53 Scale Barding Armor
42:04 Thumb Ring
41:46 Light Cavalry
43:26 Chain Barding Armor
43:02 Hussar
43:54 Forging
46:12 Iron Casting
46:11 Masonry
45:32 Elite War Wagon
48:20 Architecture
50:07 Treadmill Crane
53:11 Eupseong
53:40 Shinkichon
Connection lost

Rejoining the realm…

Still unreachable

The connection could not be restored.

Session expired

The server has moved on; the page needs a fresh start.